[Event "Monday 02 April Rapid Engine Tour 12+1 Rounds 9 Starts 1600ST"]
[Site "Infinity Chess"]
[Date "2018.4.2"]
[Round "7"]
[White "Prometheus"]
[Black "angriff"]
[Result "1/2-1/2"]
[ECO "A06"]
[WhiteElo "2443"]
[BlackElo "2395"]
[WhiteEngine "Eman 1.70-beta13 64-bit BMI2"]
[BlackEngine "DracoREX 3.07 64BIT POPCNT_CTG"]
[EventType "Swiss"]
[WhiteTeam ""]
[BlackTeam ""]
[PlyCount "198"]
[TimeControl "720+1"]

1. Nf3 d5 2. d4 Nf6 3. e3 e6 4. c4 Be7 5. Be2 O-O 6. O-O b6 7. cxd5 exd5 
8. b3 Bb7 9. Nc3 Bd6 10. Bb2 Nbd7 11. Nb5 Bb4 12. Ne5 a6 13. a3 Be7 14. Nc3 Bd6 
15. f4 b5 16. Bd3 c5 17. Qf3 Re8 18. a4 b4 19. Nd1 Ne4 20. Nf2 Ndf6 
21. Bxe4 Nxe4 22. Nxe4 dxe4 23. Qg3 cxd4 24. Nc4 f6 25. Bxd4 Qe7 26. Rac1 Rac8 
27. Qg4 Bc5 28. Rfd1 Red8 29. Bxc5 Rxc5 30. Rxd8+ Qxd8 31. Rd1 Bd5 32. Qf5 g6 
33. Qxe4 a5 34. Kf2 Kf7 35. Qc2 Qe7 36. Rd4 Qe6 37. Qd3 Kf8 38. h3 Qc6 
39. Kg1 Kf7 40. Kf2 Kf8 41. Kg1 Kf7 42. Kh2 Ke7 43. Kg3 Qe6 44. Qe2 Qc6 
45. Qc2 Qc8 46. Kh2 Qe6 47. Qe2 Qc6 48. Qd3 Be6 49. Rd6 Rd5 50. Rxd5 Qxd5 
51. Qxd5 Bxd5 52. Nd2 h5 53. g4 hxg4 54. hxg4 Be6 55. Kh3 Kd6 56. Kg3 Kc5 
57. Kh4 Kd5 58. g5 f5 59. Kh3 Bc8 60. Kg3 Ba6 61. Kf2 Bd3 62. Nf3 Kc5 
63. Nd4 Be4 64. Ne2 Bd5 65. Nd4 Be4 66. Ke1 Bd5 67. Kd2 Kd6 68. Kd3 Ke7 
69. Ke2 Kf8 70. Kd2 Ke7 71. Ke2 Kf7 72. Kf2 Be4 73. Nf3 Bc2 74. Nd4 Be4 
75. Ke2 Bd5 76. Kf1 Kf8 77. Ke1 Ke7 78. Kf2 Kf7 79. Kg1 Kf8 80. Kf2 Ke7 
81. e4 Bxe4 82. Ke2 Bd5 83. Ke3 Kf7 84. Kf2 Bh1 85. Ke3 Bd5 86. Kd3 Ke7 
87. Ke3 Kd7 88. Kf2 Kd6 89. Ke3 Kc5 90. Kd3 Bf7 91. Ke3 Bg8 92. Kd3 Bf7 
93. Ke3 Kd5 94. Nc2 Kd6 95. Nd4 Kc5 96. Kd3 Bd5 97. Ke3 Bf7 98. Kd3 Bg8 
99. Ke3 Bf7 1/2-1/2

[Event "Monday 02 April Rapid Engine Tour 12+1 Rounds 9 Starts 1600ST"]
[Site "Infinity Chess"]
[Date "2018.4.2"]
[Round "7"]
[White "KQRBNP"]
[Black "marudam"]
[Result "1/2-1/2"]
[ECO "C65"]
[WhiteElo "2406"]
[BlackElo "2443"]
[WhiteEngine "Eman 1.70-beta13 64-bit POPCNT"]
[BlackEngine "stockfish_CTG"]
[EventType "Swiss"]
[WhiteTeam ""]
[BlackTeam ""]
[PlyCount "124"]
[TimeControl "720+1"]

1. e4 e5 2. Nf3 Nc6 3. Bb5 Nf6 4. O-O Nxe4 5. Re1 Nd6 6. Nxe5 Be7 7. Bf1 Nxe5 
8. Rxe5 O-O 9. d4 Bf6 10. Re1 Re8 11. c3 Rxe1 12. Qxe1 Ne8 13. Bf4 d5 
14. Nd2 Bf5 15. Qe3 c6 16. Re1 Nd6 17. Nf3 a5 18. Be5 Be4 19. Nd2 Bg6 20. Nf3 a4 
21. a3 h6 22. g3 Be4 23. Nd2 Bc2 24. Nf3 Be4 25. Nd2 Bc2 26. Bh3 Bf5 
27. Bxf5 Nxf5 28. Qd3 g6 29. Nf3 h5 30. h3 Kg7 31. Qd2 Nd6 32. Qf4 Ne4 
33. Kg2 Bxe5 34. Nxe5 Nd6 35. g4 hxg4 36. hxg4 Qf6 37. Qxf6+ Kxf6 38. Kg3 Kg7 
39. Nd3 Kf6 40. Re5 Rh8 41. Kg2 g5 42. Nc5 Nc4 43. Rf5+ Kg6 44. Nd7 Rd8 
45. Ne5+ Nxe5 46. Rxe5 f6 47. Re7 b5 48. Re6 Rc8 49. Rd6 Kf7 50. Rd7+ Ke6 
51. Rh7 Rb8 52. Kg3 Rg8 53. f3 Rb8 54. Rh6 Re8 55. f4 gxf4+ 56. Kxf4 Rg8 
57. Rh5 Rg7 58. Rh8 Kd6 59. Rh6 Ke7 60. Rh5 Ke6 61. Kf3 Kd7 62. Kf4 Ke6 1/2-1/2

[Event "Monday 02 April Rapid Engine Tour 12+1 Rounds 9 Starts 1600ST"]
[Site "Infinity Chess"]
[Date "2018.4.2"]
[Round "7"]
[White "KRAKEN"]
[Black "Marsell"]
[Result "1/2-1/2"]
[ECO "D43"]
[WhiteElo "2468"]
[BlackElo "2456"]
[WhiteEngine "Raubfisch X38_CTG"]
[BlackEngine "asmFishW_2018-04-02_bmi2"]
[EventType "Swiss"]
[WhiteTeam ""]
[BlackTeam ""]
[PlyCount "243"]
[TimeControl "720+1"]

1. d4 d5 2. c4 e6 3. Nc3 Nf6 4. Nf3 c6 5. Bg5 h6 6. Bxf6 Qxf6 7. e3 Nd7 
8. Be2 g6 9. O-O Be7 10. Qc2 O-O 11. Rad1 a6 12. a4 Re8 13. a5 Rb8 14. Ra1 Bf8 
15. Rfc1 Qd8 16. Rd1 Qe7 17. Rab1 Qb4 18. Ra1 Qe7 19. h3 Bg7 20. Bf1 Rd8 
21. Na4 Re8 22. Rac1 Qb4 23. Qc3 Qxc3 24. bxc3 Bf6 25. Nb6 Nxb6 26. axb6 Kg7 
27. c5 e5 28. dxe5 Bxe5 29. Nxe5 Rxe5 30. Be2 Bf5 31. Kf1 g5 32. Ke1 Rh8 
33. Rd4 h5 34. h4 g4 35. g3 Kf6 36. Ra1 Rg8 37. Bd1 Ree8 38. Bb3 Re7 39. Ke2 Rd8 
40. Bd1 Be4 41. Kd2 Re5 42. Ke1 Re6 43. Kd2 Re5 44. Ke1 Kg7 45. Bb3 Kf6 
46. Kd2 Ke6 47. Ke2 Bf3+ 48. Ke1 Kf6 49. Ra2 Ra8 50. Kd2 Rb8 51. Rf4+ Kg7 
52. Rd4 Be4 53. Kc1 Rh8 54. Rda4 Kf6 55. Rd4 Ke6 56. Kd2 Rg8 57. Bd1 Kd7 
58. Bb3 Rge8 59. Ke1 Bf3 60. Ra1 Be4 61. Rd2 Bg6 62. Rd4 Be4 63. Kd1 Rf5 
64. Rd2 Rfe5 65. Ke1 Bf3 66. Raa2 Re4 67. Rd4 R4e5 68. Kd2 Ke7 69. Ra1 Ke6 
70. Ra5 Kf6 71. Raa4 Be4 72. Kd1 Bf5 73. Kc1 Bc8 74. Kd2 Bf5 75. Kd1 Bh7 
76. Ra2 Ke7 77. Kc1 Kf8 78. Kb2 Bf5 79. Raa4 Bh7 80. Ra5 Bf5 81. Bc2 Bxc2 
82. Kxc2 Rf5 83. Rd2 Re4 84. Kd3 Rfe5 85. Rda2 Re8 86. R2a4 Rxa4 87. Rxa4 f6 
88. Ra5 Ke7 89. Kc2 Rd8 90. Ra4 Ke6 91. Ra5 Rg8 92. Kb3 Re8 93. Kc2 Rg8 
94. Kb3 Rh8 95. Ra2 Kf5 96. Kc2 Re8 97. Kd3 Rh8 98. Kd4 Ra8 99. Ra4 Rb8 
100. Kd3 Ke5 101. Ke2 Kf5 102. Kd3 Rg8 103. Ra3 Re8 104. Kc2 Re4 105. Ra2 Re5 
106. Ra4 Re4 107. Ra2 Re8 108. Rb2 Ke6 109. Ra2 Rg8 110. Ra5 Ra8 111. Kb3 Kf7 
112. Ra2 Rh8 113. Kb4 Ke6 114. Rd2 Rd8 115. Ra2 Re8 116. Kb3 Rb8 117. Ra1 Re8 
118. Kb2 Kf5 119. Kc2 Ke4 120. Ra4+ Kf5 121. Ra1 Re4 122. Ra2 1/2-1/2

[Event "Monday 02 April Rapid Engine Tour 12+1 Rounds 9 Starts 1600ST"]
[Site "Infinity Chess"]
[Date "2018.4.2"]
[Round "7"]
[White "OlivierEvan"]
[Black "Gilgamesch"]
[Result "1-0"]
[ECO "A06"]
[WhiteElo "2464"]
[BlackElo "2479"]
[WhiteEngine "Houdini 6"]
[BlackEngine "BrainFish_180401_x64_bmi2"]
[EventType "Swiss"]
[WhiteTeam ""]
[BlackTeam ""]
[PlyCount "169"]
[TimeControl "720+1"]

1. Nf3 d5 2. b3 Bf5 3. Bb2 e6 4. a3 c5 5. e3 Nf6 6. h3 Be7 7. Nh4 Nc6 
8. Nxf5 exf5 9. Qf3 Qd7 10. Bb5 O-O 11. Bxc6 bxc6 12. d3 Qe6 13. Nd2 Bd6 
14. O-O Nd7 15. e4 fxe4 16. dxe4 Rae8 17. exd5 cxd5 18. Rfe1 Qxe1+ 
19. Rxe1 Rxe1+ 20. Nf1 Be5 21. Bxe5 Rxe5 22. Qd3 Nf6 23. Qb5 Re1 24. Kh2 g6 
25. Ne3 d4 26. Nc4 Ne4 27. f3 Ng5 28. Nd6 Re3 29. h4 Ne6 30. Ne4 Rd8 31. h5 d3 
32. cxd3 Rexd3 33. h6 Kf8 34. b4 c4 35. Qxc4 R3d5 36. g4 Ke7 37. Nc5 f6 
38. Kg3 Nxc5 39. bxc5 R5d7 40. Qe4+ Kf7 41. c6 Rc7 42. g5 fxg5 43. Qe5 Re7 
44. Qxg5 Rc8 45. Qf4+ Kg8 46. Qf6 Rec7 47. f4 Re8 48. f5 g5 49. Qd6 Rec8 
50. Qe6+ Kf8 51. Qf6+ Kg8 52. Kg4 Re8 53. Qxg5+ Kf8 54. Qf6+ Kg8 55. Qd4 Rec8 
56. Kg5 Re7 57. Qd5+ Kf8 58. Qd6 Ke8 59. Qf6 Rec7 60. Qh8+ Ke7 61. Qxh7+ Kd6 
62. Qg6+ Kc5 63. f6 Rh8 64. f7 Rcc8 65. h7 Kd4 66. c7 Kd5 67. Qg8 Kc6 
68. Kf6 Kxc7 69. Kg7 Rxh7+ 70. Kxh7 Rb8 71. Qxb8+ Kxb8 72. a4 Kb7 73. a5 Ka6 
74. f8=Q Kb5 75. a6 Kc4 76. Qf2 Kb4 77. Qxa7 Kb5 78. Qg1 Kxa6 79. Qb1 Ka5 
80. Kg6 Ka6 81. Kf5 Ka7 82. Ke4 Ka6 83. Kd5 Ka5 84. Kc5 Ka4 85. Qa2# 1-0

[Event "Monday 02 April Rapid Engine Tour 12+1 Rounds 9 Starts 1600ST"]
[Site "Infinity Chess"]
[Date "2018.4.2"]
[Round "7"]
[White "Eman"]
[Black "MarioDeMonti"]
[Result "1/2-1/2"]
[ECO "C77"]
[WhiteElo "2501"]
[BlackElo "2511"]
[WhiteEngine "Eman 1.70-beta13 64-bit POPCNT"]
[BlackEngine "stockfish_x64_bmi2_2018_02_18_CTG"]
[EventType "Swiss"]
[WhiteTeam ""]
[BlackTeam ""]
[PlyCount "178"]
[TimeControl "720+1"]

1. e4 e5 2. Nf3 Nc6 3. Bb5 a6 4. Ba4 Nf6 5. O-O Be7 6. Re1 b5 7. Bb3 O-O 
8. a4 b4 9. c3 d6 10. d3 Rb8 11. a5 Be6 12. Bxe6 fxe6 13. Nbd2 Rb5 14. Nc4 Qe8 
15. Qe2 Qg6 16. Be3 h6 17. Rac1 bxc3 18. bxc3 Nxa5 19. Nxa5 Rxa5 20. h3 c5 
21. Rb1 Rb5 22. Ra1 Ra8 23. Ra4 Qe8 24. Qa2 Qc8 25. Nd2 a5 26. c4 Rb6 
27. Rxa5 Rba6 28. Rxa6 Qxa6 29. Qb3 Qa3 30. Qb7 Ra7 31. Qb1 Kf7 32. Qc2 Qa2 
33. Qxa2 Rxa2 34. Rb1 Nd7 35. Kf1 Ke8 36. Rb7 Kd8 37. Nb1 Kc8 38. Rb3 Nb8 
39. Ra3 Rxa3 40. Nxa3 Kc7 41. g4 Bg5 42. Nb5+ Kc6 43. Bxg5 hxg5 44. Ke2 Nd7 
45. Na7+ Kc7 46. Ke3 Nf6 47. Nb5+ Kd7 48. Nc3 Ke8 49. Kf3 Ke7 50. Kg3 Nh7 
51. h4 Kf6 52. Nb5 Ke7 53. Na7 Ke8 54. Nc6 Kd7 55. Na7 Kc7 56. Nb5+ Kd7 
57. f3 gxh4+ 58. Kxh4 Ke7 59. Na7 Nf8 60. Kg5 Kd7 61. Nb5 Ke7 62. Kh5 Kd7 
63. Na3 Kd8 64. Nb1 Ke8 65. Na3 Ke7 66. Nb5 Kd7 67. g5 Kc6 68. Nc3 Kd7 
69. Nb5 Kc6 70. g6 Kd7 71. Kg5 Ke7 72. Nc3 Nd7 73. Nb5 Nb8 74. Nc3 Na6 
75. Ne2 Nb4 76. f4 Nxd3 77. f5 exf5 78. exf5 e4 79. Nc3 Ne5 80. Nxe4 Nxc4 
81. f6+ Kf8 82. f7 Ne5 83. Kf5 c4 84. Ng5 Ke7 85. Ne6 Nxf7 86. gxf7 Kxf7 
87. Ng5+ Kg8 88. Nf3 Kf8 89. Ke6 g5 1/2-1/2

[Event "Monday 02 April Rapid Engine Tour 12+1 Rounds 9 Starts 1600ST"]
[Site "Infinity Chess"]
[Date "2018.4.2"]
[Round "7"]
[White "MCDermont"]
[Black "ivrdurant"]
[Result "1/2-1/2"]
[ECO "E32"]
[WhiteElo "2507"]
[BlackElo "2456"]
[WhiteEngine "BrainFish 010418 WM_CTG"]
[BlackEngine "Raubfisch ME262_GTZ16d4"]
[EventType "Swiss"]
[WhiteTeam ""]
[BlackTeam ""]
[PlyCount "104"]
[TimeControl "720+1"]

1. d4 Nf6 2. c4 e6 3. Nc3 Bb4 4. Qc2 O-O 5. e4 d5 6. e5 Ne4 7. Bd3 c5 
8. Nf3 cxd4 9. Nxd4 Nd7 10. Bf4 Qh4 11. g3 Qh5 12. O-O g5 13. cxd5 Bxc3 
14. bxc3 exd5 15. Bxe4 dxe4 16. e6 gxf4 17. exd7 Bxd7 18. Qxe4 fxg3 19. fxg3 b6 
20. Nf5 Rae8 21. Ne7+ Kg7 22. Qd4+ f6 23. Rae1 Bh3 24. Rf4 Rd8 25. Rh4 Qf3 
26. Qe4 Qxe4 27. Rexe4 Rd1+ 28. Kf2 Bd7 29. Rd4 Rxd4 30. Rxd4 Be6 31. Nd5 Bxd5 
32. Rxd5 Rc8 33. Rd7+ Kg6 34. Rxa7 Rxc3 35. Re7 Ra3 36. Re2 b5 37. Rb2 b4 
38. Rxb4 Rxa2+ 39. Kg1 Ra1+ 40. Kg2 Ra2+ 41. Kg1 Kg5 42. Rf4 h5 43. Rf2 Ra1+ 
44. Kg2 Ra3 45. h4+ Kg6 46. Kh3 Ra4 47. Rg2 Rc4 48. g4 Ra4 49. gxh5+ Kxh5 
50. Kg3 Rg4+ 51. Kf2 f5 52. Rxg4 Kxg4 1/2-1/2

[Event "Monday 02 April Rapid Engine Tour 12+1 Rounds 9 Starts 1600ST"]
[Site "Infinity Chess"]
[Date "2018.4.2"]
[Round "7"]
[White "SkyPilot"]
[Black "star99"]
[Result "1/2-1/2 "]
[ECO "D15"]
[WhiteElo "2501"]
[BlackElo "2403"]
[WhiteEngine "stockfish_x64_bmi2_2018_03_30_CTG"]
[BlackEngine "Cryptic Heroes 9.2B"]
[EventType "Swiss"]
[WhiteTeam ""]
[BlackTeam ""]
[PlyCount "151"]
[TimeControl "720+1"]

1. d4 d5 2. c4 c6 3. Nf3 Nf6 4. Nc3 e6 5. e3 Nbd7 6. Qc2 Bd6 7. Bd3 O-O 
8. O-O dxc4 9. Bxc4 b5 10. Be2 Bb7 11. Rd1 Qc7 12. e4 e5 13. dxe5 Nxe5 
14. Nxe5 Bxe5 15. g3 Rfe8 16. Be3 Bxc3 17. Qxc3 Nxe4 18. Qc2 a6 19. a4 b4 
20. Bf4 Qc8 21. Bc4 a5 22. Rac1 Nf6 23. Qb3 Re7 24. Bd6 Rd7 25. Bf1 Qd8 
26. Be5 Ng4 27. Bf4 Nf6 28. Be5 Ne4 29. Rxd7 Qxd7 30. Qe3 Qf5 31. Qf4 Qxf4 
32. Bxf4 Nf6 33. Be5 Nd5 34. f3 Ne3 35. Be2 Nd5 36. Kf2 h6 37. h4 Nb6 38. b3 f6 
39. Bd4 Nd7 40. f4 Kf8 41. Bg4 Rd8 42. Ba7 c5 43. Bxd7 Rxd7 44. Rxc5 Bd5 
45. Rxa5 Bxb3 46. Bc5+ Kf7 47. Bxb4 Rd4 48. Ra7+ Kg8 49. Ra8+ Kh7 50. Bc5 Rxa4 
51. Rxa4 Bxa4 52. g4 Bd7 53. f5 h5 54. Kg3 hxg4 55. Kxg4 g6 56. h5 Bxf5+ 
57. Kh4 g5+ 58. Kg3 Kg7 59. Kf3 Kf7 60. Bd4 Ke6 61. h6 Kf7 62. h7 Bxh7 
63. Kg3 Be4 64. Ba7 Kg6 65. Bd4 Bb7 66. Bg1 Be4 67. Bf2 Bd3 68. Bb6 Bc4 
69. Bg1 Kh5 70. Bd4 f5 71. Be3 Bd3 72. Bd2 Be2 73. Be3 Bc4 74. Bc1 Bd3 
75. Bd2 Ba6 76. Bc1 1/2-1/2

[Event "Monday 02 April Rapid Engine Tour 12+1 Rounds 9 Starts 1600ST"]
[Site "Infinity Chess"]
[Date "2018.4.2"]
[Round "7"]
[White "xeonrocks"]
[Black "Macho"]
[Result "1-0"]
[ECO "C58"]
[WhiteElo "2546"]
[BlackElo "2475"]
[WhiteEngine "Stockfish_x64_bmi2_CTG"]
[BlackEngine "Cfish 2018-04-01 64 POPC_CTG"]
[EventType "Swiss"]
[WhiteTeam ""]
[BlackTeam ""]
[PlyCount "185"]
[TimeControl "720+1"]

1. e4 e5 2. Nf3 Nc6 3. Bc4 Nf6 4. Ng5 d5 5. exd5 Na5 6. Bb5+ c6 7. dxc6 bxc6 
8. Be2 h6 9. Nh3 Bc5 10. Nc3 O-O 11. O-O Nb7 12. d3 Nd5 13. Bg4 Bxg4 14. Qxg4 f5 
15. Qa4 Qd7 16. Bd2 Nb6 17. Qh4 Bd6 18. Kh1 e4 19. Rad1 exd3 20. cxd3 Rf6 
21. d4 Qf7 22. Ng1 g5 23. Qh3 Rd8 24. b3 Bc7 25. Bc1 Rd7 26. Qe3 Re6 27. Qd3 Nd6 
28. Nf3 Ne4 29. Qc2 Nd5 30. Nxe4 fxe4 31. Ne5 Bxe5 32. dxe5 Qg6 33. Bb2 Nb4 
34. Qe2 Nd3 35. f3 Qf7 36. Kg1 Nxb2 37. Rxd7 Qxd7 38. Qxb2 Qe7 39. Re1 Rxe5 
40. Qc3 Qe6 41. Qe3 Qe7 42. h3 h5 43. fxe4 Kg7 44. Qd2 c5 45. Qe3 Qd6 46. Qf3 h4 
47. Rf1 Qe7 48. Qc3 Kg8 49. Rc1 Kg7 50. Qe3 a6 51. Rc4 Qd6 52. Qc1 Kf7 
53. Qf1+ Kg6 54. Ra4 Re6 55. Qf5+ Kh6 56. Qd5 Qxd5 57. exd5 Rd6 58. Kf2 Kg6 
59. Ra5 Rxd5 60. Rxa6+ Kf5 61. Ke2 Re5+ 62. Kd2 Kf4 63. Ra4+ Kf5 64. Rc4 Ke6 
65. a4 Kd6 66. a5 Re8 67. Kd3 Rb8 68. Ra4 Rxb3+ 69. Kc4 Rb7 70. a6 Ra7 
71. Kb5 Kc7 72. Re4 Ra8 73. a7 Rh8 74. Re7+ Kd6 75. Rb7 Ra8 76. Ka6 Rf8 
77. Rb8 Rf1 78. a8=Q Ra1+ 79. Kb5 Rxa8 80. Rxa8 c4 81. Kxc4 Ke5 82. Ra5+ Kf6 
83. Kd5 Ke7 84. Ra7+ Kf6 85. Rd7 g4 86. hxg4 h3 87. gxh3 Kg5 88. Ke5 Kg6 
89. Ra7 Kh6 90. Kf4 Kg6 91. g5 Kh5 92. Ra6 Kh4 93. Rh6# 1-0

[Event "Monday 02 April Rapid Engine Tour 12+1 Rounds 9 Starts 1600ST"]
[Site "Infinity Chess"]
[Date "2018.4.2"]
[Round "7"]
[White "Brtroy"]
[Black "Murx"]
[Result "1/2-1/2"]
[ECO "E10"]
[WhiteElo "2505"]
[BlackElo "2509"]
[WhiteEngine "Stockfish_18040103_x64_bmi2_CTG"]
[BlackEngine "BrainFish_180329_x64_modern"]
[EventType "Swiss"]
[WhiteTeam ""]
[BlackTeam ""]
[PlyCount "325"]
[TimeControl "720+1"]

1. d4 Nf6 2. c4 e6 3. Nf3 d5 4. Nc3 c6 5. Bg5 h6 6. Bxf6 Qxf6 7. e3 Nd7 
8. Bd3 dxc4 9. Bxc4 g6 10. O-O Bg7 11. Rc1 O-O 12. h4 Qe7 13. Bd3 Rd8 14. Ne4 e5 
15. Ng3 Nb6 16. dxe5 h5 17. Ne4 Bg4 18. Neg5 Bxe5 19. Qb3 Bxf3 20. Nxf3 Rd6 
21. Bc2 Bg7 22. a4 Nd5 23. g3 Rd7 24. Rcd1 a5 25. Rfe1 Rad8 26. e4 Nb4 
27. Rxd7 Qxd7 28. Bb1 Re8 29. Kg2 Re7 30. Ng5 Bd4 31. Rd1 c5 32. Rd2 Kg7 
33. Nf3 Qd6 34. Qd1 Rd7 35. Ng5 Qc6 36. f4 Rd6 37. Nf3 Qd7 38. b3 Qg4 
39. Qe2 Rd8 40. Kh2 Qe6 41. Qd1 Qd7 42. Kg2 Nc6 43. Qf1 Qe6 44. Qb5 Nb4 
45. Qc4 Qg4 46. Ng5 Qd7 47. Kh2 Re8 48. Kg2 b6 49. Kh2 f6 50. Nf3 Nc6 
51. Qb5 Re6 52. Rd1 Rd6 53. Qe2 Ba1 54. Rxd6 Qxd6 55. e5 fxe5 56. f5 gxf5 
57. Bxf5 Nd4 58. Nxd4 Qxd4 59. Qf3 e4 60. Bxe4 Qd2+ 61. Kh3 Qd7+ 62. Bf5 Qf7 
63. Qd3 Qf6 64. Be4 Qe6+ 65. Kh2 Be5 66. Kg2 Bd4 67. Bf3 Kh6 68. Qc2 Qe5 
69. Kh3 Kg7 70. Kg2 Kh6 71. Qb1 Kg7 72. Qd3 Kh6 73. Qa6 Qe6 74. Qa8 Qf5 
75. Qc6+ Kg7 76. Qb7+ Kh6 77. Qxb6+ Qg6 78. Qxg6+ Kxg6 79. Be4+ Kg7 80. Kh2 Kf6 
81. Bc6 Kg7 82. Kh3 Be3 83. Be4 Kh6 84. Bd5 Bd2 85. Bc6 Bc1 86. Kg2 Kh7 
87. Ba8 Kh6 88. Bf3 Bb2 89. Bc6 Bf6 90. Bb7 Bc3 91. Bd5 Be1 92. Ba8 Bc3 
93. Kh3 Bd4 94. Bb7 Kh7 95. Ba8 Bg7 96. Bg2 Bb2 97. Kh2 Bf6 98. Kh3 Bd4 
99. Be4+ Kh6 100. Bh1 Bf2 101. Kg2 Bd4 102. Kh3 Kg6 103. Bg2 Kf7 104. Bc6 Ba1 
105. Kg2 Bc3 106. Be4 Bd4 107. Kh3 Kf6 108. Bd3 Kf7 109. Bf5 Be5 110. Kg2 Bd6 
111. Kf2 Kf6 112. Be4 Kf7 113. Bc2 Kf6 114. Bd3 Bf8 115. Bb5 Kg6 116. Kf3 Kg7 
117. Ba6 Kh6 118. Bf1 Kg6 119. Kf2 Kf5 120. Bc4 Kg6 121. Kf3 Kf6 122. Bb5 Kg6 
123. Bc4 Bd6 124. Kg2 Bb8 125. Bd3+ Kg7 126. Bc2 Kf6 127. Kf3 Bd6 128. g4 hxg4+ 
129. Kxg4 Bf8 130. Kf4 Bd6+ 131. Kf3 Bc7 132. h5 Kg5 133. Bg6 Bf4 134. Ke2 Be5 
135. Bf7 Bg3 136. Kf1 Bd6 137. Bg6 Bc7 138. Be8 Bb6 139. Ke2 Kh6 140. Kd3 Bd8 
141. Kc3 Bg5 142. Kc4 Bf4 143. Kxc5 Kg5 144. Kb6 Bd2 145. Bf7 Bc3 146. Bg6 Bd2 
147. Be8 Bc3 148. Kc5 Bb4+ 149. Kd5 Be1 150. Bg6 Bd2 151. Ke5 Bc1 152. b4 axb4 
153. Kd4 Bf4 154. a5 b3 155. a6 Bb8 156. Kc3 b2 157. Kxb2 Ba7 158. Kc3 Bg1 
159. Kb4 Bb6 160. Kb3 Bg1 161. Kb4 Bd4 162. h6 Kxg6 163. h7 1/2-1/2

[Event "Monday 02 April Rapid Engine Tour 12+1 Rounds 9 Starts 1600ST"]
[Site "Infinity Chess"]
[Date "2018.4.2"]
[Round "6"]
[White "hafaba"]
[Black "Prometheus"]
[Result "1/2-1/2"]
[ECO "B00"]
[WhiteElo "2412"]
[BlackElo "2444"]
[WhiteEngine "Eman 1.70-beta13 64-bit POPCNT"]
[BlackEngine "Eman 1.70-beta13 64-bit BMI2"]
[EventType "Swiss"]
[WhiteTeam ""]
[BlackTeam ""]
[PlyCount "104"]
[TimeControl "720+1"]

1. e4 Nc6 2. d4 d5 3. e5 Bf5 4. c3 e6 5. Nf3 f6 6. Bb5 Nge7 7. exf6 gxf6 
8. Nh4 Bg6 9. O-O Qd7 10. Nd2 Nf5 11. Ndf3 O-O-O 12. Nxf5 Bxf5 13. Nh4 Be4 
14. Bf4 a6 15. Ba4 Bd6 16. f3 Bg6 17. Qd2 Be8 18. Rae1 Bxf4 19. Qxf4 Qf7 
20. Rf2 Na5 21. Bc2 Bd7 22. g3 Kb8 23. Qh6 Rde8 24. f4 Nc4 25. Bd1 Reg8 
26. Bh5 Qg7 27. Qxg7 Rxg7 28. Bd1 Nd6 29. Bc2 f5 30. Rfe2 Ne4 31. c4 a5 
32. Rc1 b6 33. Re3 Kb7 34. Bd3 a4 35. Bc2 Ra8 36. Nf3 h5 37. cxd5 exd5 
38. Rd3 Re8 39. Ra3 Nd6 40. Bd3 Rge7 41. Rc2 Ra8 42. Ne5 h4 43. gxh4 Bb5 
44. Rg2 Rh7 45. Nf3 Bxd3 46. Rxd3 Nc4 47. Rc3 Re8 48. b3 axb3 49. Rxb3 Ra8 
50. Rg5 Rxa2 51. Rxf5 Nd2 52. Rd3 Nxf3+ 1/2-1/2

[Event "Monday 02 April Rapid Engine Tour 12+1 Rounds 9 Starts 1600ST"]
[Site "Infinity Chess"]
[Date "2018.4.2"]
[Round "6"]
[White "Vimtiroba"]
[Black "IronMan"]
[Result "1/2-1/2"]
[ECO "B23"]
[WhiteElo "2427"]
[BlackElo "2452"]
[WhiteEngine "SF9 ''A1a''_CTG"]
[BlackEngine "Eman 1.70-beta13 64-bit BMI2"]
[EventType "Swiss"]
[WhiteTeam ""]
[BlackTeam ""]
[PlyCount "86"]
[TimeControl "720+1"]

1. e4 c5 2. Nc3 d6 3. Nge2 Nf6 4. d4 cxd4 5. Nxd4 a6 6. Be3 e5 7. Nb3 Be6 
8. Be2 Be7 9. Qd3 O-O 10. O-O Nc6 11. a3 Rc8 12. Nd5 Nd7 13. h3 Bg5 14. Bg4 Bxg4 
15. hxg4 Bxe3 16. Nxe3 Qg5 17. Qd2 Nf6 18. f3 h5 19. Nd5 Qxd2 20. Nxf6+ gxf6 
21. Nxd2 Na5 22. c3 hxg4 23. fxg4 Nc4 24. Nxc4 Rxc4 25. Rxf6 Rxe4 26. Rxd6 Rxg4 
27. Rf1 e4 28. Rd7 f5 29. Re7 b5 30. Re5 Rg5 31. Rf4 Kg7 32. g4 Rf6 33. Kg2 Kf7 
34. Rexf5 Rfxf5 35. Rxf5+ Rxf5 36. gxf5 Kf6 37. Kf2 Kxf5 38. Ke3 a5 39. b3 a4 
40. bxa4 bxa4 41. c4 Ke5 42. c5 Kd5 43. c6 Ke6 1/2-1/2

[Event "Monday 02 April Rapid Engine Tour 12+1 Rounds 9 Starts 1600ST"]
[Site "Infinity Chess"]
[Date "2018.4.2"]
[Round "6"]
[White "Dovahkiin"]
[Black "CrapCleaner"]
[Result "1/2-1/2"]
[ECO "C55"]
[WhiteElo "2370"]
[BlackElo "2409"]
[WhiteEngine "BrainFish_180329_x64_modern_CTG"]
[BlackEngine "Raubfisch ME262_GTZ16e2_CTG"]
[EventType "Swiss"]
[WhiteTeam ""]
[BlackTeam ""]
[PlyCount "98"]
[TimeControl "720+1"]

1. e4 e5 2. Nf3 Nc6 3. Bc4 Nf6 4. d3 Bc5 5. a4 a5 6. c3 O-O 7. O-O d6 8. Bg5 h6 
9. Bh4 g5 10. Bg3 Kg7 11. Nbd2 Ba7 12. Re1 Nh7 13. h3 h5 14. d4 g4 15. Nh4 exd4 
16. Rc1 Qg5 17. Kh2 Kh8 18. e5 dxe5 19. Bd5 dxc3 20. Rxc3 Rd8 21. Ne4 Qe7 
22. Qb3 Rxd5 23. Qxd5 Bd4 24. Rd3 Be6 25. Qb5 Qb4 26. f3 Rd8 27. Rxd4 Qxd4 
28. Qxb7 Qb6 29. Qxb6 cxb6 30. Rc1 Bd5 31. Nc3 Be6 32. Nb5 Bd7 33. Nd6 Kg7 
34. Nhf5+ Kg6 35. f4 exf4 36. Nh4+ Kg7 37. Bxf4 Ne7 38. Rd1 Rg8 39. Be3 Bxa4 
40. Rf1 f6 41. Re1 Bd7 42. Bh6+ Kxh6 43. Rxe7 g3+ 44. Kg1 Nf8 45. Nf7+ Kh7 
46. Ng5+ Kh8 47. Nf7+ Kh7 48. Ng5+ Kh8 49. Nf7+ Kh7 1/2-1/2

[Event "Monday 02 April Rapid Engine Tour 12+1 Rounds 9 Starts 1600ST"]
[Site "Infinity Chess"]
[Date "2018.4.2"]
[Round "6"]
[White "MGR"]
[Black "Mr Aj"]
[Result "1/2-1/2"]
[ECO "E10"]
[WhiteElo "2470"]
[BlackElo "2435"]
[WhiteEngine "asmFishW_2018-02-19_bmi2"]
[BlackEngine "Houdini 6"]
[EventType "Swiss"]
[WhiteTeam ""]
[BlackTeam ""]
[PlyCount "127"]
[TimeControl "720+1"]

1. d4 Nf6 2. c4 e6 3. Nf3 d5 4. Nc3 Bb4 5. Qa4+ Nc6 6. e3 O-O 7. Qc2 b6 
8. Bd2 Ba6 9. Qa4 Bxc3 10. Bxc3 Bb7 11. Be2 dxc4 12. Qxc4 a5 13. O-O Ne7 
14. Qb3 Ne4 15. Rfd1 Bd5 16. Qc2 Nd6 17. b3 f6 18. Nd2 f5 19. Nc4 Be4 
20. Qc1 Bb7 21. Be1 Nd5 22. f3 a4 23. Qd2 h5 24. Rdc1 Qg5 25. Bf2 Qh6 26. Bd3 g5 
27. bxa4 Rxa4 28. Nxd6 cxd6 29. e4 fxe4 30. Bc2 Ra7 31. Bxe4 Qg7 32. Be3 Nxe3 
33. Qxe3 Bxe4 34. Qxe4 Re7 35. Rd1 g4 36. fxg4 Qxg4 37. Qxg4+ hxg4 38. Rdb1 Rf4 
39. Rxb6 Rxd4 40. a4 Kf7 41. a5 Ra7 42. Kf1 e5 43. a6 Ke6 44. Kg1 Kd5 
45. Kf2 Ke4 46. Ra5 Rd2+ 47. Kg3 d5 48. Rb8 Rd3+ 49. Kh4 g3 50. h3 Rd2 
51. Rb4+ d4 52. Rbb5 Ke3 53. Rb7 Rxb7 54. axb7 Rb2 55. Rxe5+ Kf2 56. Rf5+ Kxg2 
57. Rg5 Rxb7 58. Rxg3+ Kf1 59. Rd3 Rd7 60. Kg5 Rd5+ 61. Kf4 Ke2 62. Ke4 Rd7 
63. Rxd4 Rxd4+ 64. Kxd4 1/2-1/2

[Event "Monday 02 April Rapid Engine Tour 12+1 Rounds 9 Starts 1600ST"]
[Site "Infinity Chess"]
[Date "2018.4.2"]
[Round "6"]
[White "Thinker"]
[Black "beka"]
[Result "1/2-1/2"]
[ECO "B90"]
[WhiteElo "2460"]
[BlackElo "2380"]
[WhiteEngine "BrainFish_180329_x64_modern_CTG"]
[BlackEngine "stockfish_18032408_32bit"]
[EventType "Swiss"]
[WhiteTeam ""]
[BlackTeam ""]
[PlyCount "108"]
[TimeControl "720+1"]

1. e4 c5 2. Nf3 d6 3. d4 cxd4 4. Nxd4 Nf6 5. Nc3 a6 6. Be3 e5 7. Nb3 Be6 
8. h3 Be7 9. f4 Nc6 10. f5 Bxb3 11. axb3 Nb4 12. g3 d5 13. exd5 Qc7 14. d6 Bxd6 
15. Nb5 Nxc2+ 16. Ke2 Qc6 17. Nxd6+ Ke7 18. Rc1 Nxe3 19. Rxc6 Nxd1 20. Nxb7 Rhb8 
21. Rc7+ Kf8 22. Kxd1 Ra7 23. Bc4 Raxb7 24. Rxb7 Rxb7 25. Re1 Nd7 26. Kc2 Rc7 
27. Ra1 Ke7 28. g4 Nb8 29. Kc3 Kf6 30. Ra5 Rb7 31. Rc5 h5 32. b4 hxg4 
33. hxg4 Kg5 34. Rxe5 Kxg4 35. Rc5 Kf4 36. b3 Nd7 37. Rc8 Rb6 38. Rg8 g5 
39. fxg6 fxg6 40. Rd8 Nf6 41. Kd4 Rxb4 42. Rd6 Kf5 43. Rxa6 g5 44. Ra5+ Kf4 
45. Ra6 Kf5 46. Ra8 g4 47. Ke3 Kg5 48. Ra5+ Kh4 49. Ra6 Nd7 50. Rd6 Nb6 
51. Kf4 Kh3 52. Rh6+ Kg2 53. Kxg4 Nxc4 54. bxc4 Rxc4+ 1/2-1/2